Map: Acid Plant LE

Players

BrightYellow

  • Race: Terran Terran
  • Spawn Location: 5:00

NightEnD - Winner!

  • Race: Protoss Protoss
  • Spawn Location: 11:00

Event: WCS Leipzig 2018

VOD

Have the link to the VOD?

Description

Time

  • Played on: Jan. 26, 2018, 7:07 a.m.
  • Length: 10:05

All games in this series

Show
View Real Time Build Order
Export as new Build Order

BrightYellow Terran 

Build Orders:  

Get SALT Encoding   

  12  0:01  SCV  
  13  0:13  SCV  
  14  0:17  Supply Depot  
  14  0:25  SCV  
  15  0:38  SCV  
  15  0:40  Barracks  
  16  0:44  Refinery  
  16  0:51  SCV  
  17  1:05  SCV, Barracks  
  18  1:18  SCV  
  19  1:29  Barracks Reactor  
  19  1:33  Orbital Command  
  19  1:39  Supply Depot  
  19  1:53  Barracks Tech Lab  
  19  1:58  SCV  
  20  2:05  Marine x2  
  22  2:10  SCV  
  22  2:13  Concussive Shells, Marauder  
  25  2:23  Supply Depot, Marine x2  
  27  2:31  SCV  
  27  2:34  Marine  
  29  2:44  Refinery, SCV, Factory  
  29  2:47  Marine x2  
  32  2:53  Supply Depot  
  33  3:01  Marine  
  34  3:06  Marine x2  
  36  3:23  Marauder  
  36  3:25  Marine  
  36  3:26  Marine  
  39  3:28  Factory Tech Lab, Starport  
  40  3:44  Supply Depot, Marine x2  
  40  3:46  Marine  
  40  3:48  Siege Tank  
  45  4:02  Marine x2  
  46  4:06  Medivac  
  46  4:09  Supply Depot  
  49  4:14  Marine  
  50  4:27  Siege Tank  
  50  4:31  SCV, Engineering Bay  
  54  4:32  Marine  
  54  4:36  Marine  
  56  4:40  Liberator  
  56  4:46  Supply Depot  
  56  4:47  Marine  
  60  5:02  Widow Mine  
  60  5:04  Marine  
  63  5:07  Marine  
  64  5:16  Marine  
  64  5:18  Supply Depot  
  64  5:21  Marine  
  64  5:25  Widow Mine, Marine  
  64  5:26  Liberator  
  67  5:37  Marine  
  67  5:41  Supply Depot  
  68  5:46  Marine  
  72  5:53  SCV  
  73  6:06  Marine x2, Marauder  
  77  6:13  Supply Depot  
  77  6:17  Widow Mine  
  79  6:18  Liberator  
  79  6:27  Marine  
  80  6:36  Marine  
  80  6:56  Siege Tank, Marine  
  80  6:57  Marine  
  80  6:59  Marine  
  86  7:05  Supply Depot  
  86  7:14  Marine  
  87  7:26  Medivac  
  89  7:31  Siege Tank  
  89  7:32  Marine, Marauder  
  89  7:33  SCV  
  96  7:44  Marine  
  97  8:04  Marine x2  
  97  8:05  Marauder, Siege Tank  
  102  8:10  Liberator  
  101  8:24  Supply Depot  
  101  8:33  Marine  
  101  8:34  Marauder  
  107  8:55  Marauder  
  109  9:10  Medivac  
Show
View Real Time Build Order
Export as new Build Order

NightEnD Protoss - Winner!

Build Orders: Blink Stalkers 

Get SALT Encoding   

  12  0:00  Probe  
  13  0:12  Probe  
  14  0:19  Pylon  
  14  0:24  Probe  
  15  0:37  Probe (Chrono Boost)  
  15  0:39  Gateway  
  16  0:48  Probe (Chrono Boost)  
  16  0:49  Assimilator  
  17  0:53  Probe (Chrono Boost)  
  18  1:04  Probe  
  19  1:11  Assimilator  
  19  1:16  Probe  
  20  1:23  Pylon  
  20  1:28  Probe, Cybernetics Core  
  21  1:40  Probe  
  22  1:52  Probe  
  23  2:04  Stalker, Warp Gate  
  23  2:07  Twilight Council  
  25  2:19  Pylon  
  25  2:34  Stalker  
  25  2:35  Blink (Chrono Boost)  
  27  2:48  Gateway  
  27  2:51  Gateway  
  27  2:52  Pylon  
  27  3:04  Stalker  
  29  3:17  Shield Battery  
  29  3:30  Robotics Facility  
  29  3:34  Stalker  
  31  4:08  Gateway  
  31  4:11  Stalker x2  
  31  4:12  Stalker  
  37  4:22  Observer (Chrono Boost)  
  38  4:29  Charge  
  37  4:35  Immortal (Chrono Boost)  
  41  4:41  Zealot  
  41  4:42  Zealot  
  41  4:44  Zealot  
  47  5:01  Pylon  
  47  5:03  Pylon  
  47  5:16  Immortal (Chrono Boost)  
  51  5:35  Sentry  
  51  5:36  Sentry, Zealot  
  51  5:40  Pylon  
  57  5:49  Immortal  
  61  5:54  Observer  
  61  6:33  Nexus  
  61  6:38  Probe, Templar Archives  
  62  6:50  Probe  
  62  6:53  Psionic Storm  
  63  6:57  Assimilator  
  63  7:01  Assimilator  
  63  7:02  Probe  
  64  7:15  Probe  
  65  7:27  Probe, Observer  
  65  7:29  High Templar  
  68  7:30  Zealot  
  68  7:36  Gateway  
  70  7:37  Gateway  
  71  7:52  High Templar  
  71  7:54  Zealot  
  73  8:05  High Templar  
  75  8:17  Zealot  
  77  8:21  Pylon  
  77  8:29  High Templar  
  77  8:33  High Templar  
  81  8:34  Zealot  
  81  8:40  Pylon  
  83  8:41  Pylon  
  83  8:47  High Templar, Zealot  
  87  9:01  High Templar  
  87  9:02  Zealot  
  91  9:16  High Templar  
  93  9:19  Zealot  
  92  9:30  Probe x2  
  92  9:31  Zealot  
  92  9:38  Zealot  
  96  9:47  High Templar x2  
  96  9:52  Archon  
Tags
 
Add a new tag
Caveats
  • Supply blocks, unpowered buildings, or Contaminate may cause inaccurate times.
  • Supply counts are checked every 10 seconds.